 Dungeon Crawl Stone Soup version 0.18.1-48-g4cf74bf (webtiles) character file.

61 Alarkh the Conjurer (level 3, 0/24 HPs)
             Began as a Mummy Conjurer on Aug 6, 2016.
             Slain by a small abomination (4 damage)
             ... created by the touch of Lugonu
             ... on level 2 of the Dungeon.
             The game lasted 00:02:44 (1580 turns).

Alarkh the Conjurer (Mummy Conjurer)                Turns: 1580, Time: 00:02:45

Health: 0/24       AC:  8    Str: 16    XL:     3   Next: 83%
Magic:  2/7        EV: 12    Int: 15    God:
Gold:   145        SH:  0    Dex: 12    Spells: 1 memorised, 7 levels left

rFire  x . .     SeeInvis .     a - +1 short sword (protect)
rCold  + . .     Gourm    .     f - +0 robe
rNeg   + + +     Faith    .     (no shield)
rPois  ∞         Spirit   .     (no helmet)
rElec  .         Dismiss  .     (no cloak)
rCorr  .         Reflect  .     i - +0 pair of gloves
SustAt .         Harm     .     (no boots)
MR     +....                    (no amulet)
Stlth  ++........               k - +5 ring of strength
                                j - ring of protection from magic

@: somewhat resistant to hostile enchantments, unstealthy
A: no food or potions, fire vulnerability, cold resistance 1, negative energy
resistance 3, torment resistance, unbreathing
a: no special abilities


You were on level 2 of the Dungeon.
You were not hungry.

You visited 1 branch of the dungeon, and saw 3 of its levels.

You collected 145 gold pieces.

Inventory:

Hand Weapons
 a - a +1 short sword of protection (weapon)
 e - a +0 short sword
 n - a +0 quarterstaff
 p - a +0 mace of crushing
Armour
 f - a +0 robe (worn)
 i - a +0 pair of gloves (worn)
Jewellery
 d - an uncursed ring of protection from cold
 j - a ring of protection from magic (left hand)
 k - a +5 ring of strength (right hand)
Scrolls
 c - a scroll of amnesia {unknown}
 g - a scroll of teleportation {unknown}
 h - a scroll of magic mapping {unknown}
 l - 2 scrolls of noise {unknown}
 m - 9 scrolls of identify {unknown}
Books
 b - a book of Conjurations

   Spells                             Type                      Level
   a - Magic Dart                     Conjuration                  1
   b - Searing Ray                    Conjuration                  2
   c - Dazzling Spray                 Conjuration/Hexes            3
   d - Fulminant Prism                Conjuration/Hexes            4
   e - Iskenderun's Mystic Blast      Conjuration                  4
   f - Iskenderun's Battlesphere      Conjuration/Charms           5
 o - a book of Party Tricks

   Spells                             Type                      Level
   a - Summon Butterflies             Summoning                    1
   b - Apportation                    Translocation                1
   c - Tukima's Dance                 Hexes                        3
   d - Alistair's Intoxication        Transmutation/Poison         5
   e - Invisibility                   Hexes                        6


   Skills:
 - Level 1.5 Dodging
 - Level 1.5 Stealth
 + Level 3.0 Spellcasting
 + Level 4.0 Conjurations


You had 7 spell levels left.
You knew the following spells:

 Your Spells              Type           Power        Failure   Level  Hunger
a - Magic Dart            Conj           ##..         4%          1    N/A

Dungeon Overview and Level Annotations

Branches:
Dungeon (3/15)

Altars:
Ashenzari
Pakellas
Lugonu


Innate Abilities, Weirdness & Mutations

You do not eat or drink.
Your flesh is vulnerable to fire.
You are immune to poison.
Your flesh is cold resistant.
You are immune to negative energy.
You are immune to unholy pain and torment.
You can survive without breathing.


Message History

The small abomination hits you.
Casting: Magic Dart
Confirm with . or Enter, or press ? or * to list all spells.
Aiming: Magic Dart
Press: ? - help, Shift-Dir - straight line, f/p - small abomination
Aim: a small abomination (lightly damaged, durably summoned)
The magic dart hits the small abomination.
The small abomination is lightly damaged.
The small abomination closely misses you.
Casting: Magic Dart
Confirm with . or Enter, or press ? or * to list all spells.
Aiming: Magic Dart
Press: ? - help, Shift-Dir - straight line, f/p - small abomination
Aim: a small abomination (lightly damaged, durably summoned)
The magic dart hits the small abomination.
The small abomination is lightly damaged.
The small abomination hits you!
* * * LOW HITPOINT WARNING * * *
The small abomination hits you.
You die...

#########################
#.........%..<..........##
#.########.#.##########..##
#.########.#.##########...##
#.#..........#.........###.##
#.#.....#.............## ##.#
#.#........#.#.######.# #.#
#.#.....#..#.#.# #.## ##.#
#.......#..#@#.# ##.###.##
###.###.###.##x#.## #.......
#.....<.....##....# #.#.....
#!#.###.#.#.##..>.# #.#.####
#.#..........>....#### #.#.#
#.##.................###.#.#
#.##.##....................#
###.##.##....#......)..#####.#
....†.....#.#####...%........#


You could see a small abomination.

Vanquished Creatures
  An adder (D:3)
  2 worms (D:3)
  3 dart slugs (D:1)
  A giant gecko (D:2)
  4 goblins
  4 hobgoblins (D:1)
  4 jackals (D:3)
  7 bats
  4 giant newts
  4 kobolds
  8 rats
42 creatures vanquished.

Notes
Turn   | Place    | Note
--------------------------------------------------------------
     0 | D:1      | Alarkh the Mummy Conjurer began the quest for the Orb.
     0 | D:1      | Reached XP level 1. HP: 13/13 MP: 3/3
   226 | D:1      | Reached XP level 2. HP: 14/19 MP: 0/5
   478 | D:1      | Reached XP level 3. HP: 24/24 MP: 0/6
   677 | D:2      | Found an oddly glowing altar of Pakellas.
   958 | D:2      | Found a shattered altar of Ashenzari.
  1346 | D:3      | Found a faded altar to an unknown god.
  1369 | D:3      | Became a worshipper of Lugonu the Unformed
  1369 | D:3      | Reached * piety under Lugonu
  1369 | D:3      | Reached ** piety under Lugonu
  1369 | D:3      | Fell from the grace of Lugonu
  1491 | D:3      | Reached skill level 4 in Conjurations
  1539 | D:3      | Noticed a small abomination
  1580 | D:2      | Slain by a small abomination

Skill      XL: |  1  2  3 |
---------------+----------+-----
Spellcasting   | 3 |  3.0
Conjurations   | 4 |  4.0
Dodging        | |  1.5
Stealth        | |  1.5

Action                   || total
-------------------------++-------
Melee: Short sword       ||    86
       Unarmed           ||     5
 Cast: Magic Dart        ||    76
Invok: Renounce Religion ||     1
Armor: Robe              ||    43
Dodge: Dodged            ||    92
